 Dungeon Crawl Stone Soup version 0.28.0-53-g5a82cb258f (webtiles) character file.

Game seed: 9860562250827288878

496 raph the Firebug (level 6, -2/45 HPs)
             Began as a Draconian Fire Elementalist on June 8, 2022.
             Slain by a gnoll
             ... wielding a +0 spear
              (5 damage)
             ... on level 4 of the Dungeon.
             The game lasted 00:08:22 (4715 turns).

raph the Firebug (Draconian Fire Elementalist)      Turns: 4715, Time: 00:08:23

Health: -2/45      AC:  7    Str: 10    XL:     6   Next: 93%
Magic:  3/10       EV: 12    Int: 17    God:
Gold:   122        SH:  0    Dex: 12    Spells: 5/11 levels left

rFire   . . .      SeeInvis .   a - +2 hunting sling
rCold   . . .      Faith    .   (no shield)
rNeg    . . .      Spirit   .   (armour unavailable)
rPois   .          Reflect  .   (helmet restricted)
rElec   .          Harm     .   (no cloak)
rCorr   .          Rampage  .   (no gloves)
Will    .....                   e - +0 pair of boots
Stlth   +.........              (no amulet)
HPRegen 0.15/turn               q - +4 ring of slaying
MPRegen 0.12/turn               g - ring of flight

@: lit by a corona, flying, glowing
A: AC +6, unfitting armour, cold-blooded
a: no special abilities


You were on level 4 of the Dungeon.
You visited 1 branch of the dungeon, and saw 4 of its levels.

You collected 122 gold pieces.

Inventory:

Hand Weapons
 a - a +2 hunting sling (weapon)
 b - a +0 dagger
Missiles
 c - 209 stones (quivered ammo)
Armour
 e - a +0 pair of boots (worn)
Jewellery
 g - a ring of flight (right hand)
 q - a +4 ring of slaying (left hand)
Wands
 j - a wand of iceblast (12)
 p - a wand of digging (6)
Scrolls
 d - 2 scrolls of summoning
 o - a scroll of identify
 u - a scroll of enchant weapon
Potions
 h - a potion of curing
 i - 3 potions of might
 k - a potion of cancellation
 l - a potion of haste
 n - a potion of brilliance {unknown}
 r - a potion of heal wounds {unknown}
 s - a potion of ambrosia {unknown}
 t - a potion of resistance {unknown}
 v - a potion of invisibility {unknown}


   Skills:
 + Level 3.1 Dodging
 + Level 3.3 Stealth
 + Level 3.2 Spellcasting
 + Level 2.9 Conjurations
 * Level 5.2 Fire Magic


You had 5 spell levels left.
You knew the following spells:

 Your Spells              Type           Power      Damage    Failure   Level
a - Foxfire               Conj/Fire      64%        2x1d7     3%          1
b - Scorch                Fire           40%        2d7       3%          2
c - Conjure Flame         Conj/Fire      16%        6-21      10%         3

Your spell library contained the following spells:

 Spells                   Type           Power      Damage    Failure   Level
 Inner Flame              Hex/Fire       11%        N/A       17%         3
 Flame Wave               Conj/Fire      16%        2d6       32%         4
 Frozen Ramparts          Ice            4%         1d2       45%         3
 Gell's Gravitas          Tloc           2%         N/A       45%         3
 Lesser Beckoning         Tloc           2%         N/A       45%         3
 Teleport Other           Tloc           2%         N/A       45%         3
 Ice Form                 Ice/Tmut       2%         N/A       86%         4
 Summon Ice Beast         Ice/Summ       2%         N/A       86%         4


Dungeon Overview and Level Annotations

Branches:
Dungeon (4/15)
 Temple: D:4-7

Altars:
Dithmenos
Gozag


Innate Abilities, Weirdness & Mutations

Your plain brown scales are hard. (AC +6)
You cannot fit into any form of body armour.
You are cold-blooded and may be slowed by cold attacks.


Message History

You shoot a sling bullet. The sling bullet hits the gnoll shaman.
The gnoll shaman is almost dead.
The gnoll hits you but does no damage.
The gnoll shaman prays to its god.
The gnoll shaman is healed somewhat.
Fire: 2 sling bullets
Press: ? - help, Q - select action, (/) - cycle Shift-Dir - straight line, f/p - gnoll shaman
Aim: a gnoll shaman, wielding a +0 club and wearing a +0 leather armour (heavily wounded, 68% to hit)
You shoot a sling bullet.
The sling bullet closely misses the gnoll shaman.
The sling bullet closely misses the gnoll.
The gnoll closely misses you. The gnoll shaman barely misses you.
The gnoll hits you but does no damage.
The gnoll hits you from afar with a +0 spear!
* * * LOW HITPOINT WARNING * * *
The gnoll shaman hits you with a +0 club.
* * * LOW HITPOINT WARNING * * *
Fire: sling bullet
Press: ? - help, Q - select action, (/) - cycle Shift-Dir - straight line, f/p - gnoll shaman
Aim: a gnoll shaman, wielding a +0 club and wearing a +0 leather armour (heavily wounded, 68% to hit)
You shoot a sling bullet. The sling bullet hits the gnoll shaman.
The gnoll shaman is almost dead.
The gnoll barely misses you. x2
The gnoll hits you from afar with a +0 spear.
* * * LOW HITPOINT WARNING * * *
The gnoll shaman utters an invocation to its god.
The gnoll shaman is healed somewhat.
The gnoll hits you from afar with a +0 spear.
* * * LOW HITPOINT WARNING * * *
The gnoll shaman calls down the wrath of its god upon you.
You are outlined in light.
The gnoll misses you.
The gnoll hits you from afar with a +0 spear.
* * * LOW HITPOINT WARNING * * *
The gnoll shaman calls upon its god to heal the gnoll.
The gnoll is healed somewhat.
The gnoll completely misses you. The gnoll barely misses you.
The gnoll hits you from afar with a +0 spear.
You die...

. ##.....##......#.#.#.
#......######........
#......# #..#.#.#. #.#...##
#........
#.###########..#.#.#.
...####................[...
.........##..g.............
...####..##.g)g............
#.....@.#.#####...###.#
#.#..#..#.# #...# #..
#.#..#....### #...# ### #
#......)..# #...# #
####..#.#.# #...#
#.####....).###...#
#.......#.#.#.....#
...........#.#####
###.......#.#


You could see a gnoll shaman and 2 gnolls.

Vanquished Creatures
  A necrophage (D:3)
  An ogre (D:4)
  A centaur (D:4)
  2 orc wizards
  A gnoll (D:4)
  9 adders
  2 adder skeletons (D:4)
  5 dart slugs
  4 orcs
  10 endoplasms
  3 giant cockroaches
  6 goblins
  6 hobgoblins
  6 quokkas
  7 ball pythons
  7 bats
  5 frilled lizards
  2 kobolds
  4 rats
82 creatures vanquished.

Vanquished Creatures (collateral kills)
  A frilled lizard (D:3)
1 creature vanquished.

Vanquished Creatures (others)
  175 foxfires
175 creatures vanquished.

Grand Total: 258 creatures vanquished

Notes
Turn   | Place    | Note
-------+----------+-------------------------------------------
     0 | D:1      | raph the Draconian Fire Elementalist began the quest for
                  | the Orb.
     0 | D:1      | Reached XP level 1. HP: 14/14 MP: 3/3
   286 | D:1      | Reached XP level 2. HP: 15/20 MP: 0/5
   542 | D:1      | Found a faded altar of an unknown god.
   691 | D:1      | Reached XP level 3. HP: 26/26 MP: 6/6
   694 | D:1      | Learned a level 2 spell: Scorch
   698 | D:1      | Learned a level 3 spell: Conjure Flame
  1087 | D:2      | You fall into a shaft and drop 2 floors!
  1106 | D:4      | Noticed a necrophage
  1126 | D:3      | Killed a necrophage
  1127 | D:3      | Reached skill level 4 in Fire Magic
  1127 | D:3      | Reached XP level 4. HP: 21/33 MP: 0/7
  1127 | D:3      | Reached XP level 5. HP: 24/38 MP: 0/8
  3270 | D:4      | Reached XP level 6. HP: 10/45 MP: 0/10
  3603 | D:3      | Found an opulent altar of Gozag.
  4333 | D:4      | Found a shadowy altar of Dithmenos.
  4481 | D:4      | Reached skill level 5 in Fire Magic
  4699 | D:4      | HP: 2/45 [gnoll/+0 spear (2)]
  4709 | D:4      | HP: 2/45 [gnoll/+0 spear (1)]
  4715 | D:4      | Slain by a gnoll

Illustrated notes

Levels and vault maps discovered:
D:1:      dpeg_arrival_lava_temple_mockup, layout_rooms,
          hellmonk_ecumenical_altar_lost_god, kennysheep_another_room
D:2:      layout_basic, chequers_serial_rivers_room_b
D:3:      layout_loops_ring, mainiacjoe_overflow_alcove_4
D:4:      layout_loops_cross, nicolae_dithmenos_shadow_blocks, minitemple,
          serial_glass, glass_columns_a, glass_columns_a, glass_columns_a,
          glass_columns_a, glass_columns_b, glass_columns_a, glass_columns_a,
          glass_columns_c, grunt_ministairs_3

Skill      XL: |  1  2  3  4  5  6 |
---------------+-------------------+-----
Stealth        | 2 3 |  3.3
Dodging        | 2 3 |  3.1
Conjurations   | 2 |  2.9
Fire Magic     | 4 5 |  5.2
Spellcasting   | 3 |  3.2

Action                   |  1- 3 |  4- 6 || total
-------------------------+-------+-------++-------
Melee: Dagger            |       |    11 ||    11
 Fire: Hunting sling     |    37 |    79 ||   116
 Cast: Foxfire           |    33 |    77 ||   110
       Scorch            |       |    10 ||    10
  Use: Scroll            |     6 |     9 ||    15
       Potion            |       |     1 ||     1
Armor: Skin              |    12 |    34 ||    46
Dodge: Dodged            |    30 |    68 ||    98
